 Dungeon Crawl Stone Soup version 0.17.1-2-g5865329 (webtiles) character file.

79303 xeno23 the Gouger (level 15, 0/76 HPs)
             Began as a Felid Transmuter on Feb 8, 2016.
             Was the Champion of Ru.
             Shot with a silver bolt by Vashnia (4 damage)
             ... on level 2 of the Snake Pit on Feb 10, 2016.
             The game lasted 03:27:33 (33827 turns).

xeno23 the Gouger (Felid Transmuter)               Turns: 33827, Time: 03:27:33

Health: 0/76       AC:  5    Str:  8 (9)  XL:     15   Next: 20%
Magic:  5/17       EV: 31    Int: 16      God:    Ru [******]
Gold:   2313       SH:  0    Dex: 21 (22) Spells: 7 memorised, 2 levels left
                                        Lives:  0   Deaths: 4

rFire  . . .     SeeInvis +       - Unarmed
rCold  + . .     Clarity  .     (armour unavailable)
rNeg   . . .     SustAt   .     (shield unavailable)
rPois  .         Gourm    .     (helmet unavailable)
rElec  .         Spirit   .     (cloak unavailable)
rCorr  .         Warding  .     (gloves unavailable)
rMut   .         Stasis   .     (boots unavailable)
MR     +....                    (no amulet)
Stlth  +++++++...               D - +6 ring of evasion
                                S - ring "Ryppiv" {AC+5 Str+3}

@: exhausted, no scrolls, constricted, repel missiles, drained, quick, somewhat
resistant to hostile enchantments, extremely stealthy
A: no armour, no weapons or thrown items, claws 1, fangs 3, see invisible,
carnivore 3, deterioration 1, speed 1, low mp 2, shaggy fur 3, slow metabolism
1, spit poison 1, subdued magic 1, inability to read while threatened, hated by
all, vulnerability to harm 1, slow reflexes 1, magic vulnerability 1,
inexperienced 1, sharp paws
a: Spit Poison, Draw Out Power, Power Leap, Apocalypse, Renounce Religion


You were on level 2 of the Snake Pit.
You worshipped Ru.
Ru was exalted by your worship.
You were full.

You visited 5 branches of the dungeon, and saw 30 of its levels.
You also visited: Bailey and Ice Cave.

You collected 3317 gold pieces.
You spent 1004 gold pieces at shops.

Inventory:

Jewellery
 v - the amulet of Wamijady {Clar -Tele rPois Int+4 Dex+4}
   (You found it on level 4 of the Dungeon)

   [amulet of clarity]

   It provides mental clarity.
   It affects your intelligence (+4).
   It affects your dexterity (+4).
   It protects you from poison.
   It prevents most forms of teleportation.
 D - a +6 ring of evasion (right paw)
 E - an uncursed ring of ice
 P - an uncursed ring of fire
 S - the ring "Ryppiv" (left paw) {AC+5 Str+3}
   (You acquired it on level 13 of the Dungeon)

   [ring of protection]

   It affects your AC (+5).
   It affects your strength (+3).
 U - an uncursed amulet of regeneration
Wands
 a - a wand of confusion (30)
 e - a wand of confusion (31)
 l - a wand of draining (8)
 t - a wand of paralysis (16)
 y - a wand of fire (4)
 C - a wand of cold (10)
 F - a wand of polymorph (7)
 K - a wand of teleportation (3)
 O - a wand of heal wounds (6)
 V - a wand of disintegration (6)
Scrolls
 b - 2 scrolls of identify
 d - 2 scrolls of fear
 k - 14 scrolls of remove curse
 m - 5 scrolls of teleportation
 q - a scroll of amnesia
 u - 8 scrolls of recharging
 I - 4 scrolls of magic mapping
 M - a scroll of silence
 X - a scroll of blinking
Potions
 f - 3 potions of brilliance
 g - 2 potions of lignification
 i - 11 potions of curing
 j - a potion of berserk rage
 o - 3 potions of haste
 p - 3 potions of heal wounds
 r - 3 potions of invisibility
 s - 2 potions of agility {unknown}
 z - 2 potions of resistance
 A - 5 potions of cancellation
 G - 3 potions of magic
 N - 3 potions of might
 W - a potion of flight
Comestibles
 c - 6 meat rations
 w - 9 beef jerkies
 x - 7 slices of pizza


   Skills:
 * Level 14.5(13.2) Fighting
 + Level 13.8(12.5) Dodging
 + Level 14.5(13.2) Stealth
 * Level 14.7(13.4) Unarmed Combat
 - Level 4.0(3.0) Spellcasting
 - Level 6.9(5.8) Charms
 - Level 8.3(7.1) Translocations
 - Level 14.6(13.3) Transmutations
 - Level 2.0(1.1) Air Magic


You had 2 spell levels left.
You knew the following spells:

 Your Spells              Type           Power        Failure   Level  Hunger
a - Beastly Appendage     Trmt           ####..       0%          1    #......
b - Passwall              Trmt/Erth      ###.......   1%          3    ###....
d - Spider Form           Trmt/Pois      ###.......   1%          3    ###....
g - Blink                 Tloc           N/A          1%          2    ##.....
q - Blade Hands           Trmt           ####......   1%          5    ######.
r - Repel Missiles        Chrm/Air       #.....       4%          2    ##.....
w - Ice Form              Ice/Trmt       ###.....     7%          4    #####..


Dungeon Overview and Level Annotations

Branches:
Dungeon (15/15)            Temple (1/1) D:4            Lair (8/8) D:8
 Shoals (0/4) Lair:6        Snake (2/4) Lair:3        Slime (0/6) Lair:7
    Orc (4/4) D:10            Elf (0/3) Orc:4        Vaults (0/5) D:14
 Depths (0/5) D:15

Altars:
Ashenzari
Cheibriados
Dithmenos
Elyvilon
Fedhas
Gozag
Kikubaaqudgha
Makhleb
Nemelex Xobeh
Okawaru
Qazlal
Ru
Sif Muna
Trog
Vehumet
Xom
Yredelemnul
Zin
The Shining One
Beogh
Jiyva

Shops:
D:2 *   D:8 [%}   D:9 (   D:13 %   D:14 %   Orc:1 =   Orc:2 %   Orc:4 !*[?(
Snake:2 (

Annotations:
Lair:2 exclusion: oklob plant
Snake:2 Vashnia


Innate Abilities, Weirdness & Mutations

You cannot wear armour.
You are incapable of wielding weapons or throwing items.
You have sharp claws.
You have razor-sharp teeth.
You have supernaturally acute eyesight.
You are carnivorous and can eat meat at any time.
You cover ground quickly.
Your magical capacity is very low (-20% MP).
Your thick and shaggy fur keeps you warm (AC +3, rC+).
You have a slow metabolism.
You cannot read scrolls while threatened.
You are hated by all.
You take slightly more damage. (-3 AC)
You have somewhat slow reflexes. (-3 EV)
You are slightly vulnerable to magic.
You are somewhat inexperienced (-2 XL).
Your sharp claws are effective at attacking unaware monsters.
Your body sometimes deteriorates upon taking damage.
You can spit weak poison.
Your spells are a little easier to cast, but a little less powerful.


Message History

Read which item? (? for menu, Esc to quit)
Okay, then.
Your front paws revert to their normal proportions.
You redirect Vashnia's attack!
Vashnia spits poison at herself.
The splash of poison hits Vashnia.
Vashnia constricts you!
You focus your will and blind Vashnia in retribution!
You take 10 damage.
Evoke which item? (* to show all) (? for menu, Esc to quit)
Okay, then.
You pounce on the helpless Vashnia from behind!
You eviscerate Vashnia!!!
Vashnia's shroud falls apart!
Your bite misses Vashnia.
Vashnia is almost dead.
Vashnia stops glowing.
You scratch Vashnia but do no damage.
Vashnia is almost dead.
Vashnia shoots a silver bolt.
The silver bolt hits you!!
* * * LOW HITPOINT WARNING * * *
You die...

#......>####.#
#..........#.#
##...........#
..##.............#
#.... #..........##
##....##.......).).#
#....#.#.>.......).#
........#((.....@N.##
....................#
....%..#....).......#
.........#.........##
........###........#
....................#
..........(........##
..................#.
...........####.#####


You could see Vashnia (blind).

Vanquished Creatures
  Rupert (Lair:4)
  The ghost of Britaniac the Warrior, an adept MiGl of Okawaru (D:14)
  Azrael (D:15)
  3 vault guards (D:14)
  The ghost of simpaon the Unseen, a journeyman SpSk of Dithmenos (Orc:2)
  3 hydras
  Fannar (D:12)
  The ghost of DishwasherDemon the Cleaver, a journeyman DsBe of Trog (IceCv)
  A naga warrior (Snake:1)
  Harold (Lair:2)
  4 anacondas (Snake:1)
  Erolcha (D:9)
  6 centaur warriors
  7 death yaks
  7 naga sharpshooters
  2 tengu warriors (D:13)
  An ogre mage (D:15)
  Urug (Orc:3)
  A queen ant (Lair:8)
  3 shock serpents
  2 unseen horrors
  3 hill giants
  3 naga ritualists
  Pikel (D:5)
  2 griffons
  4 ugly things (D:14)
  A wolf spider zombie (D:15)
  A deep elf conjurer (D:15)
  8 orc knights
  7 mana vipers
  7 orc sorcerers
  An oklob plant (Lair:7)
  3 cyclopes
  A manticore (D:11)
  6 elephants (Lair:8)
  16 black mambas
  Maurice (Orc:3)
  4 ice statues
  Psyche (D:9)
  3 centaur zombies
  3 gargoyles
  6 naga magi
  32 spiny frogs
  6 fire drakes
  2 yaktaurs (D:14)
  A freezing wraith (D:15)
  An efreet (D:15)
  6 komodo dragons
  3 polar bears (D:14)
  5 trolls
  2 giant leeches (Lair:8)
  7 two-headed ogres
  A boulder beetle (Lair:8)
  3 slime creatures (D:14)
  17 blink frogs
  2 trapdoor spiders
  2 water elementals (D:14)
  49 yaks
  3 fire elementals (D:15)
  3 wyverns
  4 hungry ghosts
  A wraith (D:14)
  10 hippogriffs
  10 vampire mosquitoes (Lair:8)
  A basilisk (D:15)
  2 mottled dragons
  A centaur simulacrum (D:14)
  A vampire (D:14)
  A steam dragon (D:9)
  3 wargs
  A redback simulacrum (D:14)
  19 wolves
  9 nagas
  5 soldier ants (Lair:8)
  A hornet simulacrum (D:14)
  14 water moccasins
  60 orc warriors
  2 wasps
  An eye of draining (D:14)
  2 necrophages
  3 hell hounds (D:15)
  2 slaves (D:5)
  21 ice beasts
  6 phantoms
  11 porcupines
  A black bear (Lair:5)
  17 ogres
  22 centaurs
  13 crocodiles
  2 big kobolds (D:10)
  32 giant frogs
  A wyvern zombie (D:8)
  4 gnoll sergeants (D:10)
  A water moccasin skeleton (D:11)
  A water moccasin zombie (D:8)
  3 scorpions (D:10)
  4 killer bees (D:14)
  7 electric eels
  8 crimson imps
  A vampire bat (D:2)
  A wyvern simulacrum (D:15)
  37 orc priests
  9 wights
  2 hounds (D:6)
  9 centaur skeletons
  4 jellies
  31 orc wizards
  Jessica (D:2)
  A giant frog skeleton (D:9)
  7 hell rats (Lair:5)
  3 iguanas
  31 worker ants
  A killer bee zombie (D:9)
  12 sheep
  2 hound skeletons
  A worker ant zombie (D:7)
  8 adders
  81 river rats
  7 gnolls
  3 shadow imps
  4 white imps (D:14)
  An ufetubus (D:14)
  An ooze (D:5)
  2 adder skeletons
  210 orcs
  3 ball pythons
  A bat skeleton (D:2)
  5 bat zombies (D:2)
  8 goblins
  4 hobgoblins
  2 jackals (D:2)
  14 kobolds
  3 quokkas
  6 bats
  2 giant cockroaches
  7 giant geckos
  A giant gecko skeleton (D:8)
  4 giant newts
  A quokka skeleton (D:10)
  12 rats
  2 bushes (Lair:2)
  20 fungi
  16 plants
1164 creatures vanquished.

Vanquished Creatures (collateral kills)
  A vampire bat (D:2)
  An adder (D:2)
2 creatures vanquished.

Vanquished Creatures (others)
  A necromancer (D:15)
  A cyclops (D:13)
  A troll (Orc:3)
  A yak (Lair:3)
  2 nagas (Snake:1)
  A giant frog (Lair:8)
  An orc (Orc:1)
  2 bushes (Lair:3)
  21 fungi
  38 plants
69 creatures vanquished.

Grand Total: 1235 creatures vanquished

Notes
Turn   | Place    | Note
--------------------------------------------------------------
     0 | D:1      | xeno23 the Felid Transmuter began the quest for the Orb.
     0 | D:1      | Reached XP level 1. HP: 9/9 MP: 4/4
   444 | D:1      | Reached XP level 2. HP: 9/12 MP: 6/6
   878 | D:1      | Learned a level 2 spell: Sticks to Snakes
  1076 | D:2      | Reached XP level 3. HP: 15/15 MP: 7/7
  1211 | D:2      | Reached skill level 1 in Stealth
  1212 | D:2      | Found an ancient bone altar of Kikubaaqudgha.
  1212 | D:2      | Noticed a vampire bat
  1212 | D:2      | Noticed a vampire bat
  1232 | D:2      | Killed a vampire bat
  1232 | D:2      | Reached XP level 4. HP: 5/19 MP: 8/8
  1471 | D:2      | Learned a level 3 spell: Spider Form
  1521 | D:2      | Killed a vampire bat
  1744 | D:2      | Found a basalt altar of Yredelemnul.
  1751 | D:2      | Found Gozag's Platinum Reserve.
  2072 | D:2      | Found a radiant altar of Vehumet.
  2097 | D:2      | Found an opulent altar of Gozag.
  2097 | D:2      | Noticed Jessica
  2104 | D:2      | Killed Jessica
  2104 | D:2      | Reached XP level 5. HP: 22/22 MP: 10/10
  2189 | D:2      | Found a glowing silver altar of Zin.
  2917 | D:3      | Reached skill level 4 in Dodging
  3436 | D:4      | Found an iron altar of Okawaru.
  3582 | D:4      | Noticed an ogre
  3602 | D:4      | Killed an ogre
  3602 | D:4      | Gained mutation: You are covered in thick fur (AC +2). [Felid growth]
  3602 | D:4      | Reached XP level 6. HP: 21/27 MP: 11/11
  3628 | D:4      | Found a staircase to the Ecumenical Temple.
  3903 | D:4      | Got a scorched copper amulet
  3994 | D:4      | Identified the amulet of Wamijady {Clar -Tele rPois Int+4 Dex+4} (You found it on level 4 of the Dungeon)
  4296 | D:5      | Entered Level 5 of the Dungeon
  4311 | D:5      | Learned a level 5 spell: Blade Hands
  4445 | D:5      | Noticed Pikel
  4579 | D:5      | Found a sparkling altar of Nemelex Xobeh.
  4700 | D:5      | Killed Pikel
  4700 | D:5      | Reached XP level 7. HP: 21/31 MP: 13/13
  5016 | Temple   | Entered the Ecumenical Temple
  5291 | Temple   | Became a worshipper of Ru the Awakened
  5339 | D:6      | Reached skill level 5 in Dodging
  5339 | D:6      | Reached skill level 5 in Unarmed Combat
  5339 | D:6      | Reached skill level 5 in Transmutations
  5381 | D:6      | Reached XP level 8. HP: 27/36 MP: 14/14
  5885 | D:6      | Reached skill level 5 in Stealth
  6292 | D:6      | Found a stormy altar of Qazlal.
  6474 | D:7      | Reached skill level 6 in Transmutations
  6579 | D:7      | Found a burning altar of Makhleb.
  6580 | D:7      | Gained mutation: You are slightly vulnerable to magic. [Ru sacrifice]
  6580 | D:7      | Reached * piety under Ru
  6676 | D:7      | Reached skill level 5 in Fighting
  6990 | D:7      | Found a shadowy altar of Dithmenos.
  7012 | D:7      | Found a shimmering altar of Xom.
  7033 | D:7      | Gained mutation: You can spit weak poison. [potion of mutation]
  7033 | D:7      | Gained mutation: Your magical capacity is low (-10% MP). [potion of mutation]
  7034 | D:7      | Gained mutation: Your body sometimes deteriorates upon taking damage. [potion of mutation]
  7034 | D:7      | Gained mutation: Your spells are a little easier to cast, but a little less powerful. [potion of mutation]
  7686 | D:8      | Noticed a troll
  7689 | D:8      | Killed a troll
  7689 | D:8      | Reached XP level 9. HP: 40/40 MP: 14/14
  7709 | D:8      | Noticed a two-headed ogre
  7718 | D:8      | Killed a two-headed ogre
  7932 | D:8      | Reached skill level 7 in Transmutations
  7955 | D:8      | Found a bloodstained altar of Trog.
  7985 | D:8      | Found a staircase to the Lair.
  7986 | D:8      | Noticed a fire drake
  8004 | D:8      | Found Gyx Yss's Food Boutique.
  8093 | D:8      | Found a shattered altar of Ashenzari.
  8163 | D:8      | Slain by an orc warrior
  8164 | D:8      | Reached XP level 8. HP: -5/57 MP: 22/22
  8175 | D:8      | Found Tuejutha's Antique Armour Shoppe.
  8696 | D:8      | Found Viwn's Gadget Shop.
  8824 | D:8      | Reached XP level 9. HP: 30/42 MP: 14/14
  9179 | D:9      | Found Edytusin's Antique Weapon Emporium.
  9321 | D:9      | Gained mutation: You are hated by all. [Ru sacrifice]
  9321 | D:9      | Reached ** piety under Ru
  9322 | D:9      | Noticed Psyche
  9337 | D:9      | Mangled by Psyche
  9338 | D:9      | Reached XP level 8. HP: -10/39 MP: 17/22
  9522 | D:9      | Noticed Erolcha
  9525 | D:9      | Killed Erolcha
  9525 | D:9      | Reached skill level 8 in Transmutations
  9525 | D:9      | Reached XP level 9. HP: 41/43 MP: 14/14
  9729 | D:9      | Killed Psyche
 10070 | D:10     | Entered Level 10 of the Dungeon
 10160 | D:10     | Noticed a gargoyle
 10173 | D:10     | Killed a gargoyle
 10199 | D:10     | Found a staircase to the Orcish Mines.
 10730 | D:10     | Reached skill level 9 in Transmutations
 10912 | D:10     | Reached XP level 10. HP: 46/48 MP: 15/15
 11258 | D:8      | Killed a fire drake
 11262 | Lair:1   | Entered Level 1 of the Lair of Beasts
 11975 | Lair:2   | Identified a scroll of acquirement
 12160 | Lair:2   | Reached skill level 10 in Transmutations
 12160 | Lair:2   | Reached XP level 11. HP: 48/52 MP: 16/16
 12164 | Lair:2   | Noticed a black mamba
 12167 | Lair:2   | Killed a black mamba
 12206 | Lair:2   | Learned a level 2 spell: Blink
 12219 | Lair:2   | Found a frozen archway.
 12279 | Lair:2   | Reached skill level 1 in Translocations
 12684 | IceCv    | Entered an ice cave
 12923 | IceCv    | Learned a level 4 spell: Ice Form
 13673 | IceCv    | Noticed DishwasherDemon's ghost (journeyman DsBe)
 13685 | IceCv    | HP: 2/63 [ice statue/bolt of cold (2)]
 13948 | IceCv    | Killed DishwasherDemon's ghost
 14131 | Lair:2   | Noticed a black mamba
 14143 | Lair:2   | Killed a black mamba
 14217 | Lair:2   | Reached skill level 10 in Unarmed Combat
 14362 | Lair:2   | Found a blossoming altar of Fedhas.
 14384 | Lair:2   | Noticed an oklob plant
 14505 | Lair:2   | Reached skill level 10 in Stealth
 14529 | Lair:2   | Noticed Harold
 14539 | Lair:2   | Reached skill level 11 in Transmutations
 14619 | Lair:2   | Killed Harold
 14671 | Lair:2   | Reached skill level 10 in Fighting
 14671 | Lair:2   | Gained mutation: Your thick and shaggy fur keeps you warm (AC +3, rC+). [Felid growth]
 14671 | Lair:2   | Reached XP level 12. HP: 55/58 MP: 17/17
 14991 | Lair:3   | Gained mutation: You are somewhat inexperienced (-2 XL). [Ru sacrifice]
 14991 | Lair:3   | Reached XP level 11. HP: 36/54 MP: 25/25
 14991 | Lair:3   | Reached XP level 10. HP: 36/51 MP: 24/24
 14991 | Lair:3   | Reached *** piety under Ru
 15100 | Lair:3   | Noticed an eight-headed hydra
 15501 | Lair:3   | Found a staircase to the Snake Pit.
 15678 | Lair:4   | Noticed a black mamba
 15690 | Lair:4   | Killed a black mamba
 16015 | Lair:4   | Reached skill level 5 in Translocations
 16192 | Lair:4   | Reached skill level 10 in Dodging
 16258 | Lair:4   | Noticed Rupert
 16273 | Lair:4   | Killed Rupert
 16273 | Lair:4   | Reached XP level 11. HP: 55/55 MP: 13/16
 16548 | Lair:4   | Noticed a black mamba
 16555 | Lair:4   | Killed a black mamba
 16820 | Lair:5   | Found a blossoming altar of Fedhas.
 17087 | Lair:5   | Gained mutation: You take slightly more damage. (-3 AC) [Ru sacrifice]
 17087 | Lair:5   | Reached **** piety under Ru
 18100 | Lair:6   | Reached skill level 12 in Transmutations
 18149 | Lair:6   | Found a staircase to the Shoals.
 18166 | Lair:6   | Reached XP level 12. HP: 53/60 MP: 11/17
 18633 | Lair:7   | Gained mutation: You cannot read scrolls while threatened. [Ru sacrifice]
 18633 | Lair:7   | Reached ***** piety under Ru
 18971 | Lair:7   | Noticed a five-headed hydra
 18981 | Lair:7   | Killed a five-headed hydra
 19122 | Lair:7   | Found a viscous altar of Jiyva.
 19125 | Lair:7   | Found a staircase to the Slime Pits.
 19567 | Lair:7   | Noticed a seven-headed hydra
 19589 | Lair:8   | Entered Level 8 of the Lair of Beasts
 20380 | Lair:8   | Reached XP level 13. HP: 64/64 MP: 15/18
 20411 | Lair:8   | Noticed Nessos
 20411 | Lair:8   | Noticed Nessos
 20411 | Lair:8   | Nessos changed into Nessos the mana viper
 20421 | Lair:8   | Killed Nessos the mana viper
 20502 | Lair:8   | Gained mutation: Your magical capacity is very low (-20% MP). [Ru sacrifice]
 20598 | Lair:8   | Noticed a four-headed hydra
 20656 | Lair:8   | Killed a four-headed hydra
 20957 | Lair:8   | Reached skill level 13 in Transmutations
 22235 | Lair:7   | Killed a seven-headed hydra
 22908 | Lair:1   | Learned a level 2 spell: Repel Missiles
 23127 | D:11     | Reached skill level 1 in Charms
 23201 | D:11     | Reached XP level 14. HP: 62/69 MP: 11/17
 23271 | D:11     | Gained mutation: You have somewhat slow reflexes. (-3 EV) [Ru sacrifice]
 23271 | D:11     | Reached ****** piety under Ru
 23406 | D:11     | Found a flagged portal.
 23416 | Bailey   | Entered a bailey
 23525 | Bailey   | Reached skill level 1 in Air Magic
 23824 | Bailey   | Got a clouded zirconium amulet
 23825 | Bailey   | Identified the amulet of Xyd Xeo {Clar Dex+2} (You acquired it in a bailey)
 24132 | D:12     | Noticed Fannar
 24148 | D:12     | Killed Fannar
 24699 | D:13     | Got a wavering granite ring
 24701 | D:13     | Identified the ring "Ryppiv" {AC+5 Str+3} (You acquired it on level 13 of the Dungeon)
 24794 | D:13     | Found Eruannef's Food Emporium.
 25369 | D:14     | Found a blossoming altar of Fedhas.
 25790 | D:14     | Reached skill level 14 in Transmutations
 26076 | D:14     | Found Peyjilaj's Food Shoppe.
 26195 | D:14     | Noticed Britaniac's ghost (adept MiGl)
 26218 | D:14     | Killed Britaniac's ghost
 26540 | D:14     | Reached skill level 5 in Charms
 26759 | D:14     | Found a gate to the Vaults.
 27319 | D:15     | Entered Level 15 of the Dungeon
 27319 | D:15     | Found a stormy altar of Qazlal.
 27335 | D:15     | Noticed Azrael
 27343 | D:15     | Killed Azrael
 27360 | D:15     | Reached XP level 15. HP: 36/73 MP: 6/17
 28324 | D:15     | Found a staircase to the Depths.
 28714 | Orc:1    | Entered Level 1 of the Orcish Mines
 29157 | Orc:1    | Found Meficirgh's Jewellery Emporium.
 29165 | Orc:1    | Bought an uncursed amulet of regeneration for 480 gold pieces
 29725 | Orc:3    | Found a roughly hewn altar of Beogh.
 29732 | Orc:2    | Found Enoasael's Food Shop.
 29732 | Orc:2    | Noticed simpaon's ghost (journeyman SpSk)
 29883 | Orc:2    | Killed simpaon's ghost
 30209 | Orc:4    | Entered Level 4 of the Orcish Mines
 30258 | Orc:4    | Found a staircase to the Elven Halls.
 30321 | Orc:4    | Found Zeodgh's Distillery.
 30335 | Orc:4    | Paralysed by an orc sorcerer for 5 turns
 30338 | Orc:4    | Killed from afar by an orc sorcerer
 30339 | Orc:4    | Reached XP level 14. HP: -21/70 MP: 12/17
 30477 | Orc:4    | Bought a potion of might for 52 gold pieces
 30477 | Orc:4    | Bought a potion of flight for 39 gold pieces
 30477 | Orc:4    | Bought 2 potions of curing for 78 gold pieces
 30477 | Orc:4    | Bought a potion of might for 52 gold pieces
 30494 | Orc:4    | Paralysed by an orc sorcerer for 7 turns
 30524 | Orc:4    | HP: 1/70 [orc warrior/uncursed enchanted battleaxe (20)]
 30715 | Orc:4    | Found Vekytatu's Magic Scroll Emporium.
 30715 | Orc:4    | Found Lebeiwen's Armour Boutique.
 30717 | Orc:4    | Found Qawy Von's Weapon Shoppe.
 30722 | Orc:4    | Found Xitu's Assorted Antiques.
 30733 | Orc:4    | Bought a scroll of blinking for 97 gold pieces
 30733 | Orc:4    | Bought a scroll of identify for 26 gold pieces
 30733 | Orc:4    | Bought a scroll of identify for 26 gold pieces
 30733 | Orc:4    | Bought a scroll of identify for 26 gold pieces
 30733 | Orc:4    | Bought a scroll of identify for 26 gold pieces
 30733 | Orc:4    | Bought a scroll of identify for 26 gold pieces
 31212 | Orc:4    | Bought a scroll of identify for 76 gold pieces
 31213 | Orc:4    | Reached XP level 15. HP: 73/75 MP: 17/17
 31275 | Orc:3    | Noticed Maurice
 31282 | Orc:3    | Killed Maurice
 31528 | Orc:3    | Noticed Urug
 31542 | Orc:3    | Killed Urug
 31922 | Lair:1   | Learned a level 3 spell: Passwall
 31991 | Snake:1  | Entered Level 1 of the Snake Pit
 32458 | Snake:1  | HP: 3/75 [mana viper (19)]
 32458 | Snake:1  | Slain by an anaconda
 32459 | Snake:1  | Reached XP level 14. HP: 0/72 MP: 6/17
 32920 | Snake:1  | Reached XP level 15. HP: 74/76 MP: 10/17
 33452 | Snake:2  | Found Rixt's Weapon Shop.
 33804 | Snake:2  | Noticed Vashnia
 33827 | Snake:2  | Shot with a silver bolt by Vashnia

Action                   |  1- 3 |  4- 6 |  7- 9 | 10-12 | 13-15 || total
-------------------------+-------+-------+-------+-------+-------++-------
Melee: Unarmed           |    77 |   150 |   330 |   910 |  1438 ||  2905
 Cast: Beastly Appendage |    12 |     7 |     3 |     2 |       ||    24
       Sticks to Snakes  |     3 |     6 |    10 |       |       ||    19
       Spider Form       |       |    14 |    23 |     4 |       ||    41
       Blade Hands       |       |       |     7 |    63 |    99 ||   169
       Blink             |       |       |       |     3 |     7 ||    10
       Ice Form          |       |       |       |     5 |     5 ||    10
       Repel Missiles    |       |       |       |       |     6 ||     6
Invok: Sacrifice Essence |       |       |     1 |       |     1 ||     2
       Sacrifice Love    |       |       |     1 |       |       ||     1
       Sacrifice Experie |       |       |       |     1 |       ||     1
       Reject Sacrifices |       |       |       |     1 |       ||     1
       Sacrifice Health  |       |       |       |     1 |     1 ||     2
       Draw Out Power    |       |       |       |     2 |     2 ||     4
       Apocalypse        |       |       |       |     1 |    17 ||    18
       Sacrifice Words   |       |       |       |     1 |       ||     1
       Power Leap        |       |       |       |       |     3 ||     3
 Abil: End Transformatio |       |     1 |       |     5 |     3 ||     9
       Spit Poison       |       |       |       |     3 |       ||     3
Evoke: Wand              |       |       |       |     4 |    15 ||    19
  Use: Scroll            |       |     8 |     9 |    13 |    11 ||    41
       Potion            |       |       |     5 |     8 |     5 ||    18
 Stab: Sleeping          |     8 |    10 |    33 |    63 |    39 ||   153
       Distracted        |     1 |     1 |     4 |    11 |    22 ||    39
       Invisible         |       |       |       |     5 |    19 ||    24
       Paralysed         |       |       |       |     4 |    15 ||    19
  Eat: Chunk             |     8 |     9 |    20 |    49 |    76 ||   162
       Royal jelly       |       |       |       |       |     2 ||     2
